 Dungeon Crawl Stone Soup version 0.24-a0-170-gd8427f5 (webtiles) character file.

Game seed: 2152655718922793118

32 mopl the Skirmisher (level 3, 0/31 HPs)
             Began as a Draconian Abyssal Knight on Mar 10, 2019.
             Was a Follower of Lugonu.
             Slain by a gnoll
             ... wielding a +0 spear
              (8 damage)
             ... on level 2 of the Dungeon.
             The game lasted 00:02:18 (1072 turns).

mopl the Skirmisher (Draconian Abyssal Knight)      Turns: 1072, Time: 00:02:19

Health: 0/31       AC:  5    Str: 14    XL:     3   Next: 8%
Magic:  4/4        EV: 12    Int: 12    God:    Lugonu [*.....]
Gold:   51         SH:  0    Dex: 13    Spells: 2/2 levels left

rFire    . . .     SeeInvis .   a - +1 spear
rCold    . . .     Gourm    .   (no shield)
rNeg     . . .     Faith    .   (armour unavailable)
rPois    .         Spirit   .   (helmet restricted)
rElec    .         Reflect  .   (no cloak)
rCorr    .         Harm     .   (no gloves)
MR       .....                  (no boots)
Stlth    +.........             (no amulet)
HPRegen  0.10/turn              e - +2 ring of dexterity
MPRegen  0.09/turn              (no ring)

@: no status effects
A: unfitting armour, cold-blooded, AC +5
a: Depart the Abyss, Renounce Religion


You were on level 2 of the Dungeon.
You worshipped Lugonu.
Lugonu was aware of your devotion.
You were not hungry.

You visited 1 branch of the dungeon, and saw 2 of its levels.
You visited the Abyss 1 time.

You collected 51 gold pieces.

Inventory:

Hand Weapons
 a - a +1 spear (weapon)
 c - a +0 blowgun
Jewellery
 e - a +2 ring of dexterity (left hand)
Scrolls
 d - a scroll of random uselessness {unknown}
Potions
 g - a potion of haste {unknown}
Comestibles
 b - 7 rations
 f - a chunk of flesh


   Skills:
 - Level 3.2 Fighting
 * Level 3.2 Polearms
 - Level 2.1 Dodging
 + Level 2.6 Invocations


You had 2 spell levels left.
You didn't know any spells.
Your spell library was empty.

Dungeon Overview and Level Annotations

Branches:
Dungeon (2/15)

Altars:


Innate Abilities, Weirdness & Mutations

Your plain brown scales are hard. (AC +5)
You cannot fit into any form of body armour.
You are cold-blooded and may be slowed by cold attacks.


Message History

Attack whom?
Press: ? - help, Dir - move target cursor, f/p - gnoll
Aim: a gnoll, wielding a +0 spear (heavily wounded)
You reach to attack!
You hit the gnoll.
The gnoll is almost dead.
The gnoll misses you.
You hit the gnoll.
The gnoll is lightly wounded.
The gnoll closely misses you. x2
You closely miss the gnoll.
The gnoll is lightly wounded.
The gnoll hits you!
The gnoll hits you from afar with a +0 spear.
You hit the gnoll.
The gnoll is moderately wounded.
The gnoll hits you but does no damage. The gnoll barely misses you.
The gnoll hits you!
* * * LOW HITPOINT WARNING * * *
The gnoll hits you from afar with a +0 spear!
You die...

......#.....#.....
......#..........#
..........####.##
##.##.......#
#...........+
.##.##.##.g.....#
...... #.gl#.....
...######g###.....
#.....@..# .##..
#.(..)...# .# +#
#..†.....#
#........##.
+..)†........
#<............
#.............
#(............
#.............


You could see 3 gnolls and a leopard gecko.

Vanquished Creatures
  5 bats
  2 giant cockroaches (D:1)
  3 goblins
  4 hobgoblins
  4 jackals (D:1)
  2 ball pythons (D:1)
  2 frilled lizards (D:1)
  3 kobolds
  3 rats
28 creatures vanquished.

Notes
Turn   | Place    | Note
-------+----------+-------------------------------------------
     0 | Abyss:1  | mopl the Draconian Abyssal Knight began the quest for the
                  | Orb.
     0 | Abyss:1  | Reached XP level 1. HP: 19/19 MP: 2/2
    66 | Abyss:1  | Noticed a small abomination
    72 | Abyss:1  | Noticed a small abomination
    81 | Abyss:1  | Noticed a small abomination
    81 | Abyss:1  | Noticed a ynoxinul
    92 | Abyss:1  | Found a hide-covered altar of Uskayaw.
   104 | Abyss:1  | Noticed a chaos spawn
   105 | Abyss:1  | Noticed a large abomination
   192 | Abyss:3  | Noticed a large abomination
   198 | Abyss:3  | Noticed a blizzard demon
   210 | D:1      | Escaped the Abyss
   411 | D:1      | Reached * piety under Lugonu
   429 | D:1      | Reached XP level 2. HP: 22/26 MP: 3/3
   637 | D:1      | Reached skill level 3 in Polearms
  1021 | D:2      | Reached XP level 3. HP: 26/31 MP: 4/4
  1072 | D:2      | Slain by a gnoll

Levels and vault maps discovered:
D:1:      nicolae_arrival_memento_mori, layout_rooms
D:2:      layout_basic, uniq_terence
Abyss:1
Abyss:2
Abyss:3:  dshaligram_kb_abyss_rune_zappy_water_cross

Skill      XL: |  1  2 |
---------------+-------+-----
Polearms       | 3 |  3.2
Fighting       | |  3.2
Dodging        | |  2.1
Invocations    | |  2.6

Action                   || total
-------------------------++-------
Melee: Spear             ||   116
       Tailslap          ||     5
Invok: Depart the Abyss  ||     1
  Use: Scroll            ||     1
 Stab: Sleeping          ||     1
  Eat: Chunk             ||     1
Armor: Skin              ||    33
Dodge: Dodged            ||    72

Table legend:
 A = Non-vault XP
 B = Vault XP
 C = Vault XP percentage of total XP
 D = Non-vault monster count
 E = Vault monster count
 F = Vault count percentage of total count
                 A         B        C        D         E       F
            +---------+---------+-------+---------+---------+-------
      Total |      46 |       0 |   0.0 |      28 |       0 |   0.0
            +---------+---------+-------+---------+---------+-------
        D:1 |      37 |       0 |   0.0 |      22 |       0 |   0.0
        D:2 |       9 |       0 |   0.0 |       6 |       0 |   0.0
            +---------+---------+-------+---------+---------+-------
